 Dungeon Crawl Stone Soup version 0.24-a0-271-ga0fc33f (webtiles) character file.

Game seed: 6190755029969471730

104930 Hasart the Scorcher (level 15, -5/82 HPs)
             Began as a Deep Elf Fire Elementalist on Apr 22, 2019.
             Was a High Priest of Sif Muna.
             Slain by a shambling mangrove (18 damage)
             ... on level 4 of the Swamp on Apr 23, 2019.
             The game lasted 01:57:18 (38006 turns).

Hasart the Scorcher (Deep Elf Fire Elementalist)   Turns: 38006, Time: 01:57:19

Health: -5/82      AC: 10    Str:  5    XL:     15   Next: 93%
Magic:  14/44      EV: 15    Int: 27    God:    Sif Muna [*****.]
Gold:   2358       SH:  6    Dex: 17    Spells: 7/42 levels left

rFire    + . .     SeeInvis +   P - +1 war axe of Instant Death {chop, rF+ Dex+2}
rCold    . . .     Gourm    .   K - +0 buckler
rNeg     . . .     Faith    .   I - +1 leather armour {rPois}
rPois    +         Spirit   .   (no helmet)
rElec    .         Reflect  .   g - +0 cloak
rCorr    .         Harm     .   U - +0 pair of gloves
MR       +....                  v - +2 pair of boots
Stlth    ++........             D - amulet of magic regeneration
HPRegen  0.23/turn              r - ring of magical power
MPRegen  0.54/turn              J - ring of see invisible (curse)

@: about to teleport, grasped by roots, constricted
A: no striking features
a: Divine Energy, Channel Magic, Forget Spell, Renounce Religion


You were on level 4 of the Swamp.
You worshipped Sif Muna.
Sif Muna was extremely pleased with you.
You were very hungry.

You visited 5 branches of the dungeon, and saw 27 of its levels.
You also visited: Sewer and Volcano.

You collected 2501 gold pieces.
You spent 143 gold pieces at shops.

Inventory:

Hand Weapons
 P - the +1 war axe of Instant Death (weapon) {chop, rF+ Dex+2}
   (You took it off a kobold on level 9 of the Dungeon)

   It inflicts extra damage upon your enemies.
   It affects your dexterity (+2).
   It protects you from fire.
Armour
 g - a +0 cloak (worn)
 v - a +2 pair of boots (worn)
 I - a +1 leather armour of poison resistance (worn)
 K - a +0 buckler (worn)
 O - a +2 robe of magic resistance
 U - a +0 pair of gloves (worn)
Magical Staves
 X - an uncursed staff of power
Jewellery
 r - a ring of magical power (left hand)
 s - an uncursed ring of protection from cold
 D - an amulet of magic regeneration (around neck)
 F - an uncursed ring of protection from fire
 G - an uncursed ring of resist corrosion
 J - a cursed ring of see invisible (right hand)
Wands
 x - a wand of random effects (16)
 B - a wand of digging (16)
 L - a wand of iceblast (12)
 Y - a wand of acid (10)
Scrolls
 b - 10 scrolls of teleportation
 d - 5 scrolls of enchant armour
 f - 12 scrolls of identify
 i - 2 scrolls of magic mapping
 k - 5 scrolls of remove curse
 w - 9 scrolls of fog
 y - a scroll of blinking
 A - a scroll of summoning
 Z - 2 scrolls of amnesia
Potions
 a - 2 potions of invisibility {unknown}
 e - 2 potions of resistance
 h - 4 potions of flight {unknown}
 j - a potion of ambrosia {unknown}
 m - 5 potions of lignification {unknown}
 n - 2 potions of heal wounds
 o - 5 potions of agility
 p - a potion of cancellation {unknown}
 q - 2 potions of berserk rage {unknown}
 t - 7 potions of degeneration {unknown}
 u - 8 potions of curing
 z - 9 potions of might {unknown}
 C - 3 potions of haste {unknown}
 H - 2 potions of brilliance {unknown}
 R - 4 potions of mutation
 V - 2 potions of magic {unknown}
Comestibles
 c - 44 rations


   Skills:
 - Level 5.0 Fighting
 - Level 4.0 Armour
 - Level 10.0 Dodging
 - Level 2.4 Stealth
 - Level 5.0 Shields
 + Level 14.1 Spellcasting
 + Level 16.1 Conjurations
 + Level 2.3 Translocations
 * Level 16.3 Fire Magic
 - Level 7.0 Earth Magic
 - Level 8.0 Invocations


You had 7 spell levels left.
You knew the following spells:

 Your Spells              Type           Power        Failure   Level  Hunger
a - Flame Tongue          Conj/Fire      #####        0%          1    None
b - Sticky Flame          Conj/Fire      #######.     1%          4    None
c - Fireball              Conj/Fire      #######...   1%          5    #......
d - Iron Shot             Conj/Erth      ######....   6%          6    ####...
e - Fire Storm            Conj/Fire      #######...   99%         9    #######
f - Blink                 Tloc           N/A          2%          2    None
g - Ignition              Fire           #######...   34%         8    #######

Your spell library contained the following spells:

 Spells                   Type           Power        Failure   Level  Hunger
 Throw Flame              Conj/Fire      ######       0%          2    None
 Conjure Flame            Conj/Fire      #######.     0%          3    None
 Apportation              Tloc           ####..       1%          1    None
 Shock                    Conj/Air       ####         1%          1    None
 Throw Frost              Conj/Ice       ######       1%          2    None
 Dazzling Spray           Conj/Hex       ######       1%          3    None
 Ignite Poison            Fire/Tmut/Pois #####...     1%          3    None
 Inner Flame              Hex/Fire       ######..     1%          3    None
 Static Discharge         Conj/Air       ######..     1%          3    None
 Stone Arrow              Conj/Erth      ######       1%          3    None
 Fulminant Prism          Conj/Hex       ######....   1%          4    None
 Throw Icicle             Conj/Ice       ######..     1%          4    None
 Bolt of Magma            Conj/Fire/Erth ######....   1%          5    #......
 Bolt of Fire             Conj/Fire      #######...   1%          6    ####...
 Corona                   Hex            ###....      4%          1    None
 Freeze                   Ice            ###.         4%          1    None
 Summon Butterflies       Summ           ###.....     4%          1    None
 Lesser Beckoning         Tloc           ####......   4%          3    None
 Irradiate                Conj/Tmut      ######....   4%          5    #......
 Iskenderun's Battlesphe  Conj/Chrm      ######..     4%          5    #......
 Lightning Bolt           Conj/Air       ######....   4%          5    #......
 Venom Bolt               Conj/Pois      ######....   4%          5    #......
 Orb of Destruction       Conj           #######...   4%          7    ######.
 Corpse Rot               Necr           N/A          7%          2    None
 Ensorcelled Hibernation  Hex/Ice        ###...       7%          2    None
 Poisonous Vapours        Pois/Air       ###...       7%          2    None
 Song of Slaying          Chrm           ###.....     7%          2    None
 Sublimation of Blood     Necr           ###.......   7%          2    None
 Portal Projectile        Hex/Tloc       ####..       9%          3    None
 Leda's Liquefaction      Hex/Erth       #####.....   11%         4    None
 Petrify                  Tmut/Erth      #####...     11%         4    None
 Confuse                  Hex            ###.....     13%         3    None
 Ozocubu's Armour         Chrm/Ice       ###.....     13%         3    None
 Tukima's Dance           Hex            ###.....     13%         3    None
 Vampiric Draining        Necr           ###.......   13%         3    None
 Airstrike                Air            ###.......   41%         4    None
 Cause Fear               Hex            ###.......   41%         4    None
 Summon Ice Beast         Ice/Summ       ###.....     41%         4    None
 Summon Forest            Summ/Tloc      ####......   58%         5    #......
 Alistair's Intoxication  Tmut/Pois      ###.....     77%         5    #......
 Dispel Undead            Necr           ###.....     77%         5    #......
 Silence                  Hex/Air        ###.......   77%         5    #......
 Ring of Flames           Chrm/Fire      ######....   78%         7    ######.
 Statue Form              Tmut/Erth      #####....    85%         6    ####...
 Dispersal                Tloc           ####......   95%         6    ####...
 Deflect Missiles         Chrm/Air       ###.......   100%        6    ####...
 Hydra Form               Tmut           ###.......   100%        6    ####...
 Invisibility             Hex            ###.....     100%        6    ####...
 Dragon Form              Tmut           ###.......   100%        7    ######.
 Summon Hydra             Summ           ###.......   100%        7    ######.
 Chain Lightning          Conj/Air       ######....   100%        8    #######
 Controlled Blink         Tloc           N/A          100%        8    #######
 Shatter                  Erth           ######....   100%        9    #######
 Tornado                  Air            ###.......   100%        9    #######


Dungeon Overview and Level Annotations

Branches:
Dungeon (14/15)            Temple (1/1) D:6            Lair (6/6) D:8
  Swamp (4/4) Lair:4       Spider (0/4) Lair:4        Slime (0/5) Lair:6
    Orc (2/2) D:10            Elf (0/3) Orc:2        Vaults (0/5) D:14

Altars:
Ashenzari
Cheibriados
Dithmenos
Elyvilon
Fedhas
Gozag
Hepliaklqana
Kikubaaqudgha
Makhleb
Nemelex Xobeh
Okawaru
Qazlal
Ru
Sif Muna
Trog
Uskayaw
Vehumet
Wu Jian
Xom
Yredelemnul
Zin
The Shining One

Shops:
D:5 :   D:7 }   D:13 [   Orc:1 }:!   Orc:2 !

Portals:
Trove: D:11 (give +3 storm dragon scales)

Annotations:
D:12 3 runed translucent doors, RexLacerta's ghost, journeyman HaHu
D:13 exclusion: 2 downstairs
Lair:1 1 runed translucent door, Xysuja Ciut's ghost, journeyman NaFE
Lair:3 3 runed translucent doors, Protee's ghost, journeyman DsTm
Swamp:3 2 transporters, 1 runed translucent door, Hylith's ghost, journeyman GrFi
Orc:1 3 runed translucent doors, Lanoc's ghost, journeyman FoFi
Orc:2 Saint Roka


Message History

Casting: Iron Shot (safe; 6% risk of failure)
Confirm with . or Enter, or press ? or * to list all spells.
Okay, then.
As you read the scroll of teleportation, it crumbles to dust.
You feel strangely unstable.
You hear a loud "Zot"!
The grasping roots constrict you. The hornet misses you.
Unknown command.
Unknown command.
Unknown command.
Okay, then.
As you read the scroll of fear, it crumbles to dust.
You assume a fearsome visage.
The swamp drake looks frightened!
The ghost crab is unaffected.
The hornet resists with almost no effort.
The shambling mangrove is unaffected. x2; The hornet closely misses you.
A swamp dragon comes into view.
The shambling mangrove hits you!!
* * * LOW HITPOINT WARNING * * *
You die...

.D≈.♣♣♣
.k.≈§..
♣♣
≈...≈≈≈
≈≈
..≈≈≈≈≈ .
...t..≈♣≈
..%≈≈≈..♣
..≈≈≈≈f.♣
..≈≈≈≈y@♣
.≈≈≈♣♣≈♣♣
. ♣f≈
♣≈≈≈
≈≈≈≈≈
.≈♣≈≈≈
...≈≈≈≈
...≈♣♣♣


You could see 2 shambling mangroves, a swamp dragon (wandering), a ghost crab, a
hornet and a swamp drake (fleeing).

Vanquished Creatures
  2 thorn hunters
  A ghost crab (Swamp:3)
  17 hydras
  A centaur warrior (D:13)
  An anaconda (Swamp:2)
  A catoblepas (Lair:6)
  2 shambling mangroves
  3 death yaks (Lair:5)
  10 alligators
  3 two-headed ogres
  2 spriggan druids (Swamp:3)
  2 skeletal warriors (Volcano)
  An unseen horror (D:10)
  3 swamp dragons
  A wolf spider (Lair:6)
  An orc sorcerer (Orc:2)
  An ugly thing (D:11)
  3 oklob plants
  A wolf spider zombie (D:12)
  A deep elf mage (D:13)
  A manticore (D:13)
  2 cyclopes
  4 elephants (Lair:4)
  A guardian serpent (Lair:6)
  8 black mambas
  Joseph (D:8)
  4 gargoyles
  Psyche (D:8)
  2 torpor snails
  24 spiny frogs
  4 kobold demonologists
  3 rime drakes
  An efreet (D:13)
  5 komodo dragons
  10 polar bears (Lair:6)
  6 tyrant leeches
  7 slime creatures
  2 harpy skeletons (Volcano)
  10 hippogriffs
  3 bog bodies
  15 hornets
  27 blink frogs
  4 raiju (Lair:6)
  7 dream sheep (Lair:4)
  4 redbacks (Lair:6)
  10 spriggans
  18 wyverns
  2 shadows
  3 flying skulls (Volcano)
  3 basilisks
  24 yaks
  A human (D:13)
  Eustachio (D:6)
  3 hungry ghosts
  4 vampire mosquitoes (Swamp:2)
  13 swamp worms
  6 insubstantial wisps (Swamp:1)
  5 wargs
  18 water moccasins
  13 hell hounds (Lair:6)
  A hornet zombie (D:13)
  9 porcupines
  5 ice beasts
  18 orc warriors
  13 black bears
  8 swamp drakes
  4 phantoms
  2 sky beasts
  2 necrophages (D:10)
  8 ogres
  22 wolves
  16 centaurs
  4 crocodiles
  18 big kobolds
  A gnoll sergeant (D:8)
  18 bullfrogs
  5 scorpions
  A wyvern skeleton (D:10)
  9 wights
  An electric eel (Lair:3)
  A spriggan skeleton (Volcano)
  A troll skeleton (Volcano)
  12 howler monkeys
  6 crimson imps
  A quasit (D:9)
  4 jellies
  2 bullfrog zombies
  3 centaur zombies
  6 hounds
  13 orc wizards
  3 orc priests
  A centaur skeleton (D:10)
  2 bullfrog skeletons
  5 iguanas
  13 worker ants
  A naga skeleton (Volcano)
  A hound zombie (D:9)
  A howler monkey zombie (D:6)
  5 gnolls (D:8)
  A howler monkey skeleton (D:4)
  3 worker ant zombies
  20 adders
  9 river rats (Sewer)
  5 shadow imps
  An ooze (Sewer)
  2 adder skeletons (D:9)
  4 worms
  2 dart slugs
  7 leopard geckos
  55 orcs
  17 ball pythons
  29 bats
  6 giant cockroaches
  5 goblins
  8 hobgoblins
  20 jackals
  45 kobolds
  4 quokkas
  6 frilled lizards
  28 rats
  A fungus (Lair:5)
  3 plants
864 creatures vanquished.

Vanquished Creatures (others)
  An orc warrior (D:11)
  3 howler monkeys (D:11)
  4 orcs (D:11)
  20 fungi
  44 plants
  6 toadstools (Swamp:1)
78 creatures vanquished.

Grand Total: 942 creatures vanquished

Notes
Turn   | Place    | Note
-------+----------+-------------------------------------------
     0 | D:1      | Hasart the Deep Elf Fire Elementalist began the quest for
                  | the Orb.
     0 | D:1      | Reached XP level 1. HP: 10/10 MP: 6/6
   214 | D:1      | Reached XP level 2. HP: 9/15 MP: 0/8
  1075 | D:2      | Reached XP level 3. HP: 17/19 MP: 0/9
  1317 | D:2      | Noticed a phantom
  1323 | D:2      | Killed a phantom
  1323 | D:2      | Reached XP level 4. HP: 10/24 MP: 2/11
  1596 | D:2      | Learned a level 4 spell: Sticky Flame
  1673 | D:2      | Reached XP level 5. HP: 28/28 MP: 3/12
  2221 | D:3      | Found an ornate altar of the Wu Jian Council.
  2257 | D:3      | Found a burning altar of Makhleb.
  2257 | D:3      | Found a blossoming altar of Fedhas.
  2558 | D:3      | Found a shimmering altar of Xom.
  2710 | D:3      | Found a glowing silver altar of Zin.
  2807 | D:3      | Found an ancient bone altar of Kikubaaqudgha.
  3170 | D:4      | Reached skill level 5 in Fire Magic
  3170 | D:4      | Reached XP level 6. HP: 15/32 MP: 8/14
  4027 | D:5      | Entered Level 5 of the Dungeon
  4037 | D:5      | Found a glowing drain.
  4039 | D:5      | Reached XP level 7. HP: 36/36 MP: 14/16
  4114 | Sewer    | Entered a sewer
  4413 | Sewer    | Reached skill level 5 in Spellcasting
  4507 | Sewer    | Learned a level 5 spell: Fireball
  4514 | Sewer    | Reached skill level 5 in Conjurations
  5018 | D:5      | Reached skill level 5 in Dodging
  5137 | D:5      | Reached XP level 8. HP: 18/41 MP: 16/18
  5534 | D:5      | Found Uteok's Book Shoppe.
  5880 | D:6      | Found a glowing golden altar of the Shining One.
  6130 | D:6      | Found a snail-covered altar of Cheibriados.
  6137 | D:6      | Noticed Eustachio
  6145 | D:6      | Killed Eustachio
  6537 | D:6      | Found a basalt altar of Yredelemnul.
  6608 | D:6      | Found a staircase to the Ecumenical Temple.
  6641 | Temple   | Entered the Ecumenical Temple
  7006 | D:7      | Reached skill level 1 in Armour
  7006 | D:7      | Reached XP level 9. HP: 45/45 MP: 12/21
  7262 | D:7      | Found Muc Kole's Gadget Emporium.
  7553 | D:7      | Noticed a moth of wrath
  7565 | D:7      | Found a bloodstained altar of Trog.
  8184 | D:7      | Noticed a kobold demonologist
  8186 | D:7      | Noticed a kobold demonologist
  8193 | D:7      | Noticed a kobold demonologist
  8205 | D:7      | Killed a kobold demonologist
  8206 | D:7      | Noticed an orange demon
  8215 | D:7      | Killed a kobold demonologist
  8229 | D:7      | Noticed a rust devil
  8232 | D:7      | Killed a kobold demonologist
  8232 | D:7      | Reached XP level 10. HP: 44/50 MP: 3/24
  8517 | D:8      | Noticed Joseph
  8536 | D:8      | Killed Joseph
  8736 | D:8      | Noticed a +0 hand axe
  8737 | D:8      | Noticed a +0 hand axe
  8765 | D:8      | Found a hide-covered altar of Uskayaw.
  8795 | D:8      | Found a deep blue altar of Sif Muna.
  8798 | D:8      | Became a worshipper of Sif Muna the Loreminder
  8888 | D:8      | Found a glowing golden altar of the Shining One.
  8904 | D:8      | Noticed Psyche
  8910 | D:8      | Killed Psyche
  9171 | D:8      | Found a staircase to the Lair.
  9185 | D:8      | Reached skill level 1 in Invocations
  9186 | D:8      | Reached skill level 1 in Shields
  9721 | D:9      | Reached skill level 10 in Fire Magic
  9722 | D:9      | Noticed a two-headed ogre
 10061 | D:9      | Reached * piety under Sif Muna
 10219 | D:9      | Identified the cursed +1 war axe of Instant Death {chop,
                  | rF+ Dex+2}
 10237 | D:9      | Killed a two-headed ogre
 10237 | D:9      | Reached skill level 10 in Conjurations
 10442 | D:9      | Noticed a rust devil
 10444 | D:9      | Reached XP level 11. HP: 54/54 MP: 9/25
 10908 | D:10     | Entered Level 10 of the Dungeon
 11027 | D:10     | Reached ** piety under Sif Muna
 11031 | D:10     | Noticed an unseen horror
 11035 | D:10     | Killed an unseen horror
 12335 | D:10     | Found a staircase to the Orcish Mines.
 12745 | Orc:1    | Entered Level 1 of the Orcish Mines
 12894 | Orc:1    | Found Peabb's Book Shop.
 12936 | Orc:1    | Found Keoqoz's Gadget Shop.
 13120 | Orc:1    | Found Zienuhel's Distillery.
 13124 | Orc:1    | Bought a potion of curing for 39 gold pieces
 13124 | Orc:1    | Bought a potion of mutation for 104 gold pieces
 13158 | Orc:1    | Found a runed translucent gate.
 13158 | Orc:1    | Found a runed translucent gate.
 13158 | Orc:1    | Found a runed translucent gate.
 13164 | Orc:1    | Noticed Lanoc's ghost (journeyman FoFi)
 13407 | Orc:2    | Entered Level 2 of the Orcish Mines
 13426 | Orc:2    | Noticed an orc sorcerer
 13430 | Orc:2    | Killed an orc sorcerer
 13562 | Orc:2    | Reached *** piety under Sif Muna
 13605 | Orc:2    | Found Yxoax's Distillery.
 13924 | Orc:2    | Found a staircase to the Elven Halls.
 14092 | Orc:2    | Noticed Saint Roka
 14221 | Lair:1   | Entered Level 1 of the Lair of Beasts
 14235 | Lair:1   | Reached skill level 1 in Fighting
 14243 | Lair:1   | Found a runed translucent door.
 14246 | Lair:1   | Identified the +2 trident "Fiots" {pierce, rF+ SInv}
 14248 | Lair:1   | Noticed Xysuja Ciut's ghost (journeyman NaFE)
 14294 | Lair:1   | Found an ornate altar of the Wu Jian Council.
 14294 | Lair:1   | Noticed an oklob plant
 14331 | Lair:1   | Found a dark tunnel.
 14343 | Volcano  | Entered a volcano
 14806 | Volcano  | Noticed a skeletal warrior
 14834 | Volcano  | Killed a skeletal warrior
 15008 | Volcano  | Reached XP level 12. HP: 60/62 MP: 27/27
 15253 | Volcano  | Reached skill level 10 in Spellcasting
 15536 | Lair:1   | Noticed a six-headed hydra
 15540 | Lair:1   | Killed a six-headed hydra
 15787 | Lair:1   | Reached **** piety under Sif Muna
 15787 | Lair:1   | Reached skill level 5 in Invocations
 17599 | Lair:2   | Got a heavily runed ring mail
 17600 | Lair:2   | Identified the +3 ring mail of Valour {rPois SInv} (You
                  | found it on level 2 of the Lair of Beasts)
 17946 | Lair:3   | You fall through a shaft for 2 floors!
 18000 | Lair:5   | Noticed a five-headed hydra
 18006 | Lair:5   | Killed a five-headed hydra
 18255 | Lair:4   | Found a hole to the Spider Nest.
 18624 | Lair:5   | Reached skill level 10 in Dodging
 18698 | Lair:5   | Noticed a death yak
 18698 | Lair:5   | Noticed a death yak
 18699 | Lair:5   | Noticed a death yak
 18712 | Lair:5   | Killed a death yak
 18712 | Lair:5   | Reached XP level 13. HP: 68/68 MP: 21/29
 19108 | Lair:5   | Got a shadowed robe
 19109 | Lair:5   | Identified the +3 robe of Satisfaction {Slay+3} (You found
                  | it on level 5 of the Lair of Beasts)
 19931 | Lair:5   | Got a faintly glowing battleaxe
 19932 | Lair:5   | Identified the +3 battleaxe of the Whale {venom, +Rage
                  | Str-4 Int+5} (You found it on level 5 of the Lair of
                  | Beasts)
 19955 | Lair:5   | Found a runed translucent door.
 20166 | Lair:5   | Reached skill level 5 in Shields
 20277 | Lair:6   | Entered Level 6 of the Lair of Beasts
 20306 | Lair:6   | Learned a level 6 spell: Iron Shot
 20336 | Lair:6   | Reached ***** piety under Sif Muna
 20344 | Lair:6   | Received a gift from Sif Muna
 20616 | Lair:6   | Reached skill level 1 in Earth Magic
 21980 | Lair:6   | Got a smoking robe
 21981 | Lair:6   | Identified the +1 robe of Agoraphobia {rN+} (You found it
                  | on level 6 of the Lair of Beasts)
 22714 | Lair:6   | Reached XP level 14. HP: 72/76 MP: 31/31
 22850 | Lair:6   | Found a staircase to the Slime Pits.
 23850 | Lair:6   | Identified Uzxaotom's Handbook of Arcane Weapons (Sif Muna
                  | gifted it to you on level 6 of the Lair of Beasts)
 23850 | Lair:6   | Received a gift from Sif Muna
 23936 | Lair:6   | Learned a level 9 spell: Fire Storm
 24489 | Lair:6   | Reached skill level 5 in Fighting
 26226 | Lair:3   | Found a runed translucent gate.
 26226 | Lair:3   | Found a runed translucent gate.
 26226 | Lair:3   | Found a runed translucent gate.
 26226 | Lair:3   | Noticed Protee's ghost (journeyman DsTm)
 26646 | Lair:4   | Found a staircase to the Swamp.
 27204 | Lair:4   | Reached skill level 5 in Earth Magic
 27223 | Lair:4   | Got an ichor-stained robe
 27224 | Lair:4   | Identified the +1 robe of Truth {MR+} (You found it on
                  | level 4 of the Lair of Beasts)
 27845 | D:11     | Found a portal to a secret trove of treasure.
 27954 | D:11     | Identified Sif Muna's Catalogue of the Compass and
                  | Weightlessness (Sif Muna gifted it to you on level 11 of
                  | the Dungeon)
 27954 | D:11     | Received a gift from Sif Muna
 29196 | D:12     | Found a runed translucent gate.
 29196 | D:12     | Found a runed translucent gate.
 29196 | D:12     | Found a runed translucent gate.
 29488 | D:12     | Noticed RexLacerta's ghost (journeyman HaHu)
 30786 | Orc:1    | Upgraded the game from 0.24-a0-269-g32ec7ca to
                  | 0.24-a0-271-ga0fc33f
 30881 | D:13     | Found Ogioq's Antique Armour Emporium.
 31324 | D:13     | Reached skill level 15 in Fire Magic
 31407 | D:13     | Reached XP level 15. HP: 82/82 MP: 27/34
 31710 | D:14     | Found a gate to the Vaults.
 32290 | Swamp:1  | Entered Level 1 of the Swamp
 32363 | Swamp:1  | Reached skill level 15 in Conjurations
 32850 | Swamp:1  | Noticed a thorn hunter
 32855 | Swamp:1  | Killed a thorn hunter
 32901 | Swamp:1  | Identified Sif Muna's Almanac of Assistive Malediction (Sif
                  | Muna gifted it to you on level 1 of the Swamp)
 32901 | Swamp:1  | Received a gift from Sif Muna
 35864 | Swamp:2  | Identified Sif Muna's Handbook of Darkness and the
                  | Traveller (Sif Muna gifted it to you on level 2 of the
                  | Swamp)
 35864 | Swamp:2  | Received a gift from Sif Muna
 35875 | Swamp:2  | Learned a level 2 spell: Blink
 36626 | Swamp:3  | Reached skill level 1 in Translocations
 36823 | Swamp:3  | Noticed a thorn hunter
 36827 | Swamp:3  | Killed a thorn hunter
 37116 | Swamp:3  | Found a transporter.
 37244 | Swamp:3  | Found a runed translucent door.
 37245 | Swamp:3  | Noticed Hylith's ghost (journeyman GrFi)
 37737 | Swamp:3  | Found a transporter.
 37752 | Swamp:3  | Learned a level 8 spell: Ignition
 37993 | Swamp:4  | Entered Level 4 of the Swamp
 38006 | Swamp:4  | Slain by a shambling mangrove

Levels and vault maps discovered:
D:1:      minmay_arrival_stone_box, layout_basic, serial_forest,
          infiniplex_forest_join, infiniplex_forest_end_1,
          infiniplex_forest_zigzag_2, infiniplex_forest_clump_long,
          infiniplex_forest_straight_3, infiniplex_forest_straight_2,
          chequers_serial_rivers_micro_b, minmay_pentomino_z2
D:2:      layout_basic, serial_bayou, serial_bayou_lagoon_b,
          serial_bayou_shore_b, serial_bayou_pond_d, serial_bayou_pond_d,
          serial_bayou_lake_a, serial_bayou_pond_d, guppyfry_early_lair_pool
D:3:      layout_rooms, zin_academy, overflow_temple_1_default, tgw_xom,
          kiku_gazebo_pond_becter, amethyst_overflow_temple_binary,
          first_ration, hex_medium, grunt_decor_fettered
D:4:      layout_cave_pools, kennysheep_cross_room, roderic_roman_lattice
D:5:      layout_loops_cross, serial_shops, shop, portal_sewer_entry_d
D:6:      layout_loops_ring, kennysheep_mini_moat, old_standard_altar,
          minmay_temple_entry_glass, nicolae_tso_carved_into_rock,
          uniq_eustachio
D:7:      layout_basic, tgw_trog, serial_shops, shop
D:8:      layout_basic, dancing_weapons_uskayaw, kennysheep_mini,
          lemuel_coloured_pillars_altar, lair_entry_dummy, blue_anna_alchemist
          [blue_anna_fruit_fields, blue_anna_fruit_fields], uniq_psyche,
          uniq_joseph
D:9:      layout_roguey [special_room_kobold]
D:10:     layout_roguey, orc_0_dummy, grunt_decor_one_mirror
D:11:     layout_loops_ring, enter_trove_1, wad_floor_pattern_untrapped,
          lemuel_flamethrower_2
D:12:     layout_basic, gammafunk_ghost_icy
D:13:     layout_rooms, serial_shops, shop
D:14:     layout_rooms, david_vaults_3, basic_altar, chequers_jeans
Temple:   dpeg_chambers_temple
Lair:1:   layout_gridlike, enter_volcano_1, ebering_ghost_funeral_grove,
          lemuel_oklob_altar
Lair:2:   layout_chaotic_city, grunt_megastairs_3
Lair:3:   layout_long_grid, gammafunk_ghost_hydra_chop,
          infiniplex_staircase_pool
Lair:4:   layout_cave_pods, swamp_mist, spider_nest_entry_web_field,
          lemuel_fruit_tree
Lair:5:   layout_cave_pods, pf_torpor_hydra
Lair:6:   hangedman_lair_tendril_chambers, layout_gridlike,
          hangedman_lair_caniforms_friends, minmay_slime_entry_oklob_enclosed,
          serial_bayou_shore_b
Swamp:1:  cheibrodos_swamp_tower_of_moss, layout_basic_swamp,
          hangedman_swamp_ruin_wall
Swamp:2:  layout_falls_marsh, evilmike_swamp_ruin_house_1,
          nicolae_swamp_snake_nest
Swamp:3:  gammafunk_its_a_trap, layout_basic_swamp,
          ebering_ghost_reflecting_pool, evilmike_swamp_ruin_rubble_2
Swamp:4:  swamp_old_school, layout_basic_swamp, swamp_pool4,
          hangedman_swamp_diagram, uniq_kirke, uniq_donald
Orc:1:    layout_caves, serial_shops, shop_fountains, shop,
          nicolae_shop_crystal, gammafunk_ghost_necromancy
Orc:2:    st_orc_town, layout_diamond_mine, gauntlet_entry_generic,
          serial_shops, shop, nicolae_shop_behind_doors, nicolae_shop_trees,
          shop, mines_bat_river, uniq_saint_roka, uniq_snorg
Sewer:    sewer_minmay_w
Volcano:  volcano_tomb [vts_original]

Skill      XL: |  1  2  3  4  5  6  7  8  9 10 11 12 13 14 15 |
---------------+----------------------------------------------+-----
Conjurations   | 2 3 4 5 7 9 10 11 12 13 14 16 | 16.1
Dodging        | 3 4 5 6 7 8 9 10 | 10.0
Fire Magic     | 4 5 6 8 9 10 11 12 13 15 16 | 16.3
Spellcasting   | 4 5 6 8 9 10 11 13 14 | 14.1
Armour         | 1 2 3 4 |  4.0
Invocations    | 2 4 6 7 8 |  8.0
Shields        | 2 3 4 5 |  5.0
Fighting       | 1 3 4 5 |  5.0
Earth Magic    | 3 5 7 |  7.0
Translocations | 2 |  2.3
Stealth        | |  2.4

Action                   |  1- 3 |  4- 6 |  7- 9 | 10-12 | 13-15 || total
-------------------------+-------+-------+-------+-------+-------++-------
Melee: Unarmed           |     1 |       |       |       |       ||     1
       Whip              |       |     3 |   110 |    31 |       ||   144
       Trident           |       |       |       |    73 |       ||    73
       War axe           |       |       |       |    57 |   103 ||   160
 Cast: Flame Tongue      |    51 |    96 |   181 |   348 |   330 ||  1006
       Sticky Flame      |       |     6 |    22 |   117 |   182 ||   327
       Fireball          |       |       |     8 |    87 |   321 ||   416
       Iron Shot         |       |       |       |       |    35 ||    35
       Blink             |       |       |       |       |     3 ||     3
Invok: Divine Energy     |       |       |       |     1 |     5 ||     6
       Stop Divine Energ |       |       |       |       |     6 ||     6
       Channel Magic     |       |       |       |       |     1 ||     1
Evoke: Wand              |       |       |     2 |       |     7 ||     9
  Use: Scroll            |       |       |     3 |     6 |    14 ||    23
       Potion            |       |       |     1 |     2 |     2 ||     5
 Stab: Sleeping          |       |       |       |       |     2 ||     2
  Eat: Chunk             |     1 |     7 |    15 |    29 |    56 ||   108
       Ration            |       |     1 |       |     6 |     9 ||    16
Armor: Robe              |     3 |     8 |    16 |       |       ||    27
       Leather armour    |       |       |    24 |   111 |   107 ||   242
Dodge: Dodged            |    11 |    26 |   144 |   383 |   425 ||   989
Block: Buckler           |       |       |       |    65 |   137 ||   202

Table legend:
 A = Non-vault XP
 B = Vault XP
 C = Vault XP percentage of total XP
 D = Non-vault monster count
 E = Vault monster count
 F = Vault count percentage of total count
                 A         B        C        D         E       F
            +---------+---------+-------+---------+---------+-------
      Total |  113030 |   36870 |  24.6 |     604 |     256 |  29.8
            +---------+---------+-------+---------+---------+-------
        D:1 |      17 |       2 |  10.5 |       9 |       1 |  10.0
        D:2 |     187 |       0 |   0.0 |      17 |       0 |   0.0
        D:3 |     113 |      13 |  10.3 |      31 |       6 |  16.2
        D:4 |     395 |       1 |   0.3 |      10 |       1 |   9.1
        D:5 |     519 |      13 |   2.4 |      14 |       1 |   6.7
        D:6 |     627 |     196 |  23.8 |      19 |       1 |   5.0
        D:7 |    3213 |      17 |   0.5 |      44 |       5 |  10.2
        D:8 |    1234 |     952 |  43.5 |      27 |       3 |  10.0
        D:9 |    2233 |    1625 |  42.1 |      25 |      25 |  50.0
       D:10 |    3843 |       0 |   0.0 |      50 |       0 |   0.0
       D:11 |    4272 |       0 |   0.0 |      28 |       0 |   0.0
       D:12 |    3274 |       0 |   0.0 |      15 |       0 |   0.0
       D:13 |    6793 |     200 |   2.9 |      34 |       1 |   2.9
     Lair:1 |    4701 |     565 |  10.7 |      15 |       1 |   6.2
     Lair:2 |    3382 |     748 |  18.1 |      21 |       3 |  12.5
     Lair:3 |    5667 |       0 |   0.0 |      21 |       0 |   0.0
     Lair:4 |   10124 |       0 |   0.0 |      31 |       0 |   0.0
     Lair:5 |   11806 |    1555 |  11.6 |      33 |       3 |   8.3
     Lair:6 |    7953 |   21560 |  73.1 |      24 |      94 |  79.7
    Swamp:1 |    7851 |    2224 |  22.1 |      20 |       2 |   9.1
    Swamp:2 |   19821 |    1575 |   7.4 |      48 |       8 |  14.3
    Swamp:3 |   12589 |       0 |   0.0 |      30 |       0 |   0.0
    Swamp:4 |     257 |       0 |   0.0 |       1 |       0 |   0.0
      Orc:1 |     651 |     257 |  28.3 |      15 |       2 |  11.8
      Orc:2 |    1508 |     894 |  37.2 |      22 |      38 |  63.3
      Sewer |       0 |     386 | 100.0 |       0 |      48 | 100.0
    Volcano |       0 |    4087 | 100.0 |       0 |      13 | 100.0
            +---------+---------+-------+---------+---------+-------
